 Dungeon Crawl Stone Soup version 0.29.1-15-g9cfb28693d (webtiles) character file.

Game seed: 9843816885651214815

1652 firemarshallily the Covert (level 9, -10/91 HPs)
             Began as an Octopode Brigand on Mar 2, 2023.
             Was an Initiate of Gozag.
             Mangled by an orc warrior
             ... wielding a +0 dire flail
              (13 damage)
             ... on level 6 of the Dungeon.
             The game lasted 00:12:10 (6511 turns).

firemarshallily the Covert (Octopode Brigand)       Turns: 6511, Time: 00:12:11

Health: -10/91     AC: 24    Str: 12      XL:     9   Next: 0%
Magic:  0/9        EV:  2    Int: 12 (14) God:    Gozag
Gold:   289        SH:  0    Dex: 17      Spells: 8/8 levels left

rFire   . . .      SeeInvis +   u - +2 dagger (venom)
rCold   . . .      Faith    .   (no shield)
rNeg    . . .      Spirit   +   (helmet currently unavailable)
rPois   +          Reflect  .   n - amulet of guardian spirit
rElec   +          Harm     .   l - ring "Xenweod" {rElec Str+2 SInv}
rCorr   .          Rampage  .   (no ring)
Will    .....      NoTele   +   (no ring)
Stlth   +++++.....              (no ring)
HPRegen 0.25/turn               (no ring)
MPRegen 0.11/turn               (no ring)
                                (no ring)
                                (no ring)

@: tree-form
A: stationary, stasis, torment immunity, boosted hp, almost no armour,
(amphibious), 8 rings, (camouflage 1), (gelatinous body 1), (nimble swimmer 1),
(tentacles)
a: Renounce Religion, Potion Petition, Call Merchant, Bribe Branch


You were on level 6 of the Dungeon.
You worshipped Gozag.
Gozag was aware of your devotion.
You were a tree.
You visited 2 branches of the dungeon, and saw 7 of its levels.

You collected 859 gold pieces.
You paid 570 gold pieces to Gozag.

Inventory:

Hand Weapons
 a - a +2 dagger
 u - a +2 dagger of venom (weapon)
Missiles
 b - 9 poisoned darts (quivered)
 c - a curare-tipped dart
 q - a boomerang
 y - 3 atropa-tipped darts
Jewellery
 f - a ring of protection from cold
 l - the ring "Xenweod" (left branch) {rElec Str+2 SInv}
   (You found it on level 2 of the Dungeon)

   [ring of see invisible]

   Str:       It affects your strength (+2).
   rElec:     It insulates you from electricity.
   SInv:      It lets you see invisible.
 n - an amulet of guardian spirit (around neck)
 s - a +6 ring of strength
Wands
 e - a wand of roots (6)
 i - a wand of mindburst (15)
Scrolls
 g - a scroll of magic mapping
 h - a scroll of silence {unknown}
 k - a scroll of identify
 m - a scroll of noise {unknown}
 o - 4 scrolls of blinking
 p - a scroll of poison
 r - 2 scrolls of fear
 t - a scroll of torment {unknown}
 v - a scroll of brand weapon
 x - a scroll of teleportation
Potions
 d - a potion of might
 j - a potion of brilliance
 w - a potion of magic {unknown}
 z - a potion of lignification


   Skills:
 + Level 5.2 Fighting
 * Level 7.0 Short Blades
 - Level 2.5 Throwing
 - Level 1.8 Dodging
 * Level 11.0 Stealth


You had 8 spell levels left.
You didn't know any spells.
Your spell library contained the following spells:

 Spells                   Type           Power      Damage    Failure   Level
 Ensorcelled Hibernation  Hex/Ice        0%         N/A       45%         2
 Spider Form              Tmut/Pois      0%         N/A       69%         3
 Anguish                  Hex/Necr       0%         N/A       97%         4


Dungeon Overview and Level Annotations

Branches:
Dungeon (6/15)             Temple (1/1) D:4

Altars:
Cheibriados
Dithmenos
Elyvilon
Fedhas
Gozag
Hepliaklqana
Makhleb
Nemelex Xobeh
Ru
Sif Muna
Trog
Uskayaw
Xom
Yredelemnul
Zin

Annotations:
D:1 2 transporters


Innate Abilities, Weirdness & Mutations

You are a tree.
Your roots penetrate the ground, keeping you stationary.
You cannot be teleported.
You are immune to unholy pain and torment.
Your maximum health is greatly increased.
You cannot wear most types of armour.
((You are amphibious.))
You can wear up to eight rings at the same time.
((Your skin changes colour to match your surroundings (Stealth+).))
((Your rubbery body absorbs attacks. (AC +1, EV +1)))
((You are camouflaged when in or above water. (Stealth+)))
((You have tentacles for arms and can constrict up to eight enemies at once.))


Message History

Really quaff the potion of lignification?
You turn into a tree.
Your roots penetrate the ground.
The orc hits you but does no damage.
You closely miss the orc.
The orc warrior hits you with a +0 dire flail.
* * * LOW HITPOINT WARNING * * *
The orc hits you but does no damage.
An orc comes into view. It is wielding a +0 short sword.
You barely miss the orc warrior.
The orc warrior is heavily wounded.
You hit the orc warrior.
The orc warrior looks as sick as possible!
The orc warrior is heavily wounded.
The orc warrior hits you with a +0 dire flail!
* * * LOW HITPOINT WARNING * * *
The orc hits you but does no damage.
You hit the orc warrior but do no damage.
The orc warrior is severely wounded.
The orc hits you but does no damage.
You hit the orc warrior but do no damage.
The orc warrior is severely wounded.
The orc warrior hits you but does no damage.
You barely miss the orc warrior.
The orc warrior is severely wounded.
The orc hits you but does no damage.
You closely miss the orc warrior.
The orc warrior is severely wounded.
The orc warrior hits you with a +0 dire flail.
* * * LOW HITPOINT WARNING * * *
You hit the orc warrior.
The orc warrior looks as sick as possible!
The orc warrior is almost dead.
The orc hits you but does no damage.
You hit the orc warrior but do no damage.
The orc warrior is almost dead.
The orc hits you with a +0 trident.
* * * LOW HITPOINT WARNING * * *
The orc warrior hits you with a +0 dire flail!
You die...
Your body crumbles into a pile of gold.

#.##.# #.#
##.##.#######.#
#..........>..#
#..#.#######..#
#..#.# ..#
#..#.# #..#
#..#.###
#..o...#
#.##♣#...... #.
#o####### #o#
#.. ### $


You could see an orc warrior (extremely poisoned, slow) and 2 orcs.

Vanquished Creatures
  Edmund (D:4)
  A water moccasin (D:5)
  A sky beast (D:5)
  2 black bears
  2 ice beasts (D:5)
  An ogre (D:5)
  A phantom (D:5)
  3 scorpions
  A hound (D:3)
  Crazy Yiuf (D:4)
  3 orc priests
  3 jellies
  An iguana (D:4)
  Natasha (twice) (D:3)
  2 orc wizards
  Terence (D:2)
  9 adders
  7 gnolls
  An ufetubus (D:5)
  An adder zombie (D:3)
  15 orcs
  9 ball pythons
  6 bats
  3 endoplasms
  8 goblins
  5 hobgoblins
  7 jackals (D:1)
  9 kobolds
  A quokka (D:1)
  2 ball python zombies (D:3)
  3 frilled lizards
  A giant cockroach zombie (D:3)
  4 rats
117 creatures vanquished.

Notes
Turn   | Place    | Note
-------+----------+-------------------------------------------
     0 | D:1      | firemarshallily the Octopode Brigand began the quest for
                  | the Orb.
     0 | D:1      | Reached XP level 1. HP: 14/14 MP: 1/1
    87 | D:1      | Reached XP level 2. HP: 16/19 MP: 2/2
   668 | D:1      | Reached XP level 3. HP: 22/24 MP: 3/3
   985 | D:2      | Found a faded altar of an unknown god.
   998 | D:2      | Prayed at the altar of an unknown god.
   998 | D:2      | Became a worshipper of Gozag Ym Sagoz the Greedy
  1042 | D:2      | Identified the ring "Xenweod" {rElec Str+2 SInv}
  1193 | D:2      | Reached XP level 4. HP: 22/30 MP: 4/4
  1336 | D:2      | Noticed Terence
  1360 | D:2      | Killed Terence
  1361 | D:2      | Reached skill level 6 in Stealth
  1982 | D:3      | Reached XP level 5. HP: 36/36 MP: 5/5
  2073 | D:3      | Found a basalt altar of Yredelemnul.
  2138 | D:3      | Noticed Natasha
  2144 | D:3      | Killed Natasha
  2574 | D:3      | Noticed Natasha
  2582 | D:3      | Killed Natasha
  2583 | D:3      | Reached skill level 7 in Stealth
  2583 | D:3      | Reached XP level 6. HP: 20/42 MP: 3/6
  2966 | D:4      | Noticed a black bear
  2990 | D:4      | Killed a black bear
  2997 | D:4      | Reached XP level 7. HP: 28/46 MP: 2/7
  3003 | D:4      | Noticed Edmund
  3209 | D:4      | Reached skill level 8 in Stealth
  3449 | D:4      | Killed Edmund
  3833 | D:4      | Found a staircase to the Ecumenical Temple.
  3838 | D:4      | Reached skill level 5 in Short Blades
  4029 | Temple   | Entered the Ecumenical Temple
  4244 | D:4      | Found a runed translucent door.
  4245 | D:4      | Noticed Crazy Yiuf
  4250 | D:4      | Identified the +10 hammer "Worm's Wrath" {holy, rPois rC+
                  | Str+3 Dex+3}
  4252 | D:4      | Killed Crazy Yiuf
  4615 | D:5      | Entered Level 5 of the Dungeon
  4708 | D:5      | Reached skill level 9 in Stealth
  4763 | D:5      | Reached XP level 8. HP: 54/54 MP: 8/8
  5208 | D:5      | Reached skill level 10 in Stealth
  5839 | D:5      | Reached skill level 5 in Fighting
  6459 | D:6      | Reached skill level 11 in Stealth
  6459 | D:6      | Reached XP level 9. HP: 61/61 MP: 9/9
  6511 | D:6      | HP: 3/91 [orc/+0 trident (5)]
  6511 | D:6      | Mangled by an orc warrior

Illustrated notes

Levels and vault maps discovered:
D:1:      spicycebolla_arrival_transporter_tutorial, layout_loops_cross,
          minmay_misc_feat_doors
D:2:      layout_loops_ring, dreamdust_ecumenical_altar_statues, uniq_terence
D:3:      layout_loops_ring, nicolae_yredelemnul_corpse_copse, uniq_natasha
D:4:      layout_loops_ring, minmay_temple_entry_glass, uniq_crazy_yiuf_cottage,
          uniq_edmund
D:5:      layout_basic
D:6:      layout_loops_ring, solitary_fountain, uniq_blork_the_orc
Temple:   nicolae_temple_ecumenical_triangle

Skill      XL: |  1  2  3  4  5  6  7  8 |
---------------+-------------------------+-----
Stealth        | 6 7 9 11 | 11.0
Short Blades   | 3 4 5 7 |  7.0
Fighting       | 3 4 5 |  5.2
Throwing       | |  2.5
Dodging        | |  1.8

Action                   |  1- 3 |  4- 6 |  7- 9 || total
-------------------------+-------+-------+-------++-------
Melee: Dagger            |    67 |    89 |   170 ||   326
       Constrict         |    13 |    20 |    23 ||    56
       Tentacles         |     7 |    21 |    36 ||    64
       Punch             |     1 |       |     2 ||     3
Throw: Dart              |       |       |     5 ||     5
Invok: Potion Petition   |       |       |     1 ||     1
  Use: Scroll            |       |     4 |     3 ||     7
       Potion            |       |     1 |    10 ||    11
 Stab: Sleeping          |    13 |     9 |    12 ||    34
       Distracted        |       |       |     3 ||     3
Armor: Skin              |     7 |     4 |    29 ||    40
Dodge: Dodged            |    50 |    36 |    56 ||   142
